 Dungeon Crawl Stone Soup version 0.28.0-45-g0d030f2227 (webtiles) character file.

Game seed: 6902411958211553598

2324 IcySys the Frost Mage (level 9, 77/77 HPs)
             Began as a Ghoul Ice Elementalist on Apr 21, 2022.
             Was a Follower of Ashenzari.
             Quit the game on level 7 of the Dungeon.
             The game lasted 00:27:56 (7697 turns).

IcySys the Frost Mage (Ghoul Ice Elementalist)      Turns: 7697, Time: 00:27:57

Health: 77/77      AC: 12    Str: 12      XL:     9   Next: 42%
Magic:  14/14      EV: 29    Int: 19 (21) God:    Ashenzari [*.....]
Gold:   397        SH:  0    Dex:  9      Spells: 13/17 levels left

rFire   . . .      SeeInvis .   l - +0 long sword
rCold   + + .      Faith    .   a - orb {*channel}
rNeg    + + +      Spirit   .   B - +0 ring mail {rC+}
rPois   ∞          Reflect  .   (no helmet)
rElec   .          Harm     .   s - +1 cloak of Starlight {*Dazzle EV+4 Stlth--, Melee, Comp} (curse)
rCorr   .          Rampage  .   f - +0 pair of gloves "Profound Boredom" {Elem, Self} (curse)
Will    +....                   (no boots)
Stlth   ..........              h - amulet of the acrobat
HPRegen 0.22/turn               p - +4 ring of protection
MPRegen 0.14/turn               y - ring of the Lotus Blossom {Wiz Will+ Int+7}

@: acrobatic
A: claws 1, cold resistance 1, negative energy resistance 3, inhibited
regeneration, torment resistance 2
a: Renounce Religion, Shatter the Chains


You were on level 7 of the Dungeon.
You worshipped Ashenzari.
Ashenzari was aware of your devotion.
You visited 2 branches of the dungeon, and saw 8 of its levels.
You also visited: Sewer.

You collected 397 gold pieces.

Inventory:

Hand Weapons
 k - a +0 whip
 l - a +0 long sword (weapon)
 n - a +0 whip of flaming
Missiles
 j - 2 silver boomerangs
Armour
 a - an orb of energy (worn)
 f - the cursed +0 pair of gloves "Profound Boredom" (worn) {Elem, Self}
   (You found it on level 1 of the Dungeon)

   It has a curse which improves the following skills: Elements: Fire Magic, Ice
   Magic, Air Magic and Earth Magic.
   Introspection: Fighting and Spellcasting.
 s - the cursed +1 cloak of Starlight (worn) {*Dazzle EV+4 Stlth--, Melee, Comp}
   (You acquired it on level 5 of the Dungeon)

   It may blind those who miss an attack against the wearer in melee combat.
   EV:        It affects your evasion (+4).
   Stlth:     It makes you much less stealthy.
   It has a curse which improves the following skills: Melee Combat: Short
   Blades, Long Blades, Axes, Maces & Flails, Polearms, Staves and Unarmed
   Combat.
   Companions: Summonings and Necromancy.
 A - the +1 robe of Shielding {rF++}
   (You found it on level 6 of the Dungeon)

   rF:        It greatly protects you from fire.
 B - a +0 ring mail of cold resistance (worn)
Magical Staves
 e - a staff of air
Jewellery
 h - an amulet of the acrobat (around neck)
 p - a +4 ring of protection (left hand)
 y - the ring of the Lotus Blossom (right hand) {Wiz Will+ Int+7}
   (You acquired it in a sewer)

   [ring of wizardry]

   It improves your spell success rate.
   Int:       It affects your intelligence (+7).
   Will:      It increases your willpower.
Wands
 o - a wand of mindburst (16)
 r - a wand of charming (3)
Scrolls
 b - a scroll of amnesia
 c - a scroll of fear
 d - 4 scrolls of teleportation
 g - a scroll of vulnerability
 u - a scroll of magic mapping
 v - 4 scrolls of identify
Potions
 i - a potion of resistance
 m - 4 potions of heal wounds
 q - 2 potions of haste
 w - a potion of cancellation
 x - a potion of might
 z - 2 potions of brilliance


   Skills:
 + Level 5.5(6.3) Fighting
 + Level 2.6(3.3) Short Blades
 - Level 0.2(0.4) Staves
 - Level 0.3 Bows
 - Level 2.0 Dodging
 + Level 4.3 Stealth
 - Level 0.4(0.8) Unarmed Combat
 - Level 3.7(4.5) Spellcasting
 - Level 9.7(10.6) Ice Magic
 + Level 4.0 Evocations


You had 13 spell levels left.
You knew the following spells:

 Your Spells              Type           Power      Damage    Failure   Level
a - Freeze                Ice            100%       1d11      1%          1
b - Frozen Ramparts       Ice            88%        1d10      1%          3

Your spell library contained the following spells:

 Spells                   Type           Power      Damage    Failure   Level
 Ensorcelled Hibernation  Hex/Ice        48%        N/A       1%          2
 Ozocubu's Armour         Ice            44%        N/A       1%          3
 Hailstorm                Conj/Ice       24%        3d7       13%         4
 Summon Ice Beast         Ice/Summ       24%        N/A       13%         4
 Gell's Gravitas          Tloc           4%         N/A       32%         3
 Teleport Other           Tloc           4%         N/A       32%         3
 Anguish                  Hex/Necr       2%         N/A       71%         4
 Dispersal                Tloc           2%         N/A       100%        6
 Summon Cactus Giant      Summ           2%         N/A       100%        6
 Summon Horrible Things   Summ           2%         N/A       100%        8
 Spider Form              Tmut/Pois      Unusable   N/A       N/A         3

Dungeon Overview and Level Annotations

Branches:
Dungeon (7/15)             Temple (1/1) D:4           Sewer (visited)

Altars:
Ashenzari
Dithmenos
Elyvilon
Fedhas
Gozag
Hepliaklqana
Kikubaaqudgha
Makhleb
Nemelex Xobeh
Okawaru
Qazlal
Sif Muna
Trog
Uskayaw
Vehumet
Wu Jian
Xom
Yredelemnul
Zin
The Shining One


Innate Abilities, Weirdness & Mutations

You thrive by killing the living.
You are immune to poison.
You have sharp fingernails.
Your flesh is cold resistant. (rC+)
You are immune to negative energy. (rN+++)
You do not regenerate when monsters are visible.
You are immune to unholy pain and torment.


Message History

The frozen ramparts melt away.
Magic restored.
An orc priest comes into view. It is wielding a +0 falchion.
The orc priest shouts!
You hear a shout!
An orc comes into view. It is wielding a +0 dagger.
The orc priest moves out of view.
An orc is nearby!
Welcome back, IcySys the Ghoul Ice Elementalist.
Ashenzari says: Partake of my vision.
Partake of my curse.
Press ? for a list of commands and other information.
Found an opulent altar of Gozag.
An orc comes into view. It is wielding a +0 club.
The orc shouts!
The orc priest begins to cast a cantrip, but forgets the words!
You start waiting.
An orc priest is nearby!
Cast which spell? (? or * to list)
Casting: Frozen Ramparts (safe; 1% risk of failure)
Press: ? - help, Dir - look around, f - activate The walls around you are covered in ice.
The wall freezes the orc priest!
Casting: Frozen Ramparts (safe; 1% risk of failure)
Confirm with . or Enter, or press ? or * to list all spells.
Aiming: Freeze (safe; 1% risk of failure)
Press: ? - help, Shift-Dir - straight line, f - orc priest
Aim: an orc priest, wielding a +0 falchion (heavily wounded)
You freeze the orc priest!
You kill the orc priest!
Magical energy flows into your mind!
The wall freezes the orc!
You kill the orc!
The wall freezes the orc!
You kill the orc!
The frozen ramparts melt away as you move.
You start resting.
Magic restored.
Welcome back, IcySys the Ghoul Ice Elementalist.
Ashenzari says: Partake of my vision.
Partake of my curse.
Press ? for a list of commands and other information.
Are you sure you want to abandon this character and quit the game? (Confirm with "yes".)

#.# #...# #...#
######## #...#
#......## ##...# ...
#.......# #....##
._§§. #.......##
###...... ..o§.
##.......####...#####
≈§≈o.≈
##......#...####
≈≈≈≈. ##@......###
.....####......##
#..))......#
#...#####..# ##.##
##..# #.# #### #.#
#.# #.#


There were no monsters in sight!

Vanquished Creatures
  Pikel (D:4)
  A steam dragon (D:6)
  A water moccasin (D:5)
  Pargi (Sewer)
  2 ice beasts
  2 sky beasts
  2 ogres
  3 lemures (D:4)
  A centaur (D:5)
  A kobold brigand (D:6)
  A bullfrog (D:6)
  2 scorpions
  A bullfrog zombie (D:6)
  A jelly (D:7)
  3 hounds
  An orc priest (D:7)
  A centaur skeleton (D:4)
  2 iguanas
  Ijyb (D:4)
  An orc wizard (D:4)
  2 killer bee zombies
  A hound zombie (D:5)
  A howler monkey zombie (D:6)
  A howler monkey skeleton (D:6)
  15 adders
  3 gnolls (D:5)
  A shadow imp (D:6)
  A white imp (D:5)
  An ufetubus (D:4)
  2 adder skeletons
  2 worms (D:4)
  2 dart slugs (D:3)
  12 orcs
  7 endoplasms
  5 giant cockroaches
  10 hobgoblins
  6 kobolds
  2 quokkas
  8 ball pythons
  3 bats
  4 frilled lizards
  11 goblins
  3 rats
132 creatures vanquished.

Vanquished Creatures (others)
  6 fungi (D:3)
  10 plants (D:3)
16 creatures vanquished.

Grand Total: 148 creatures vanquished

Notes
Turn   | Place    | Note
-------+----------+-------------------------------------------
     0 | D:1      | IcySys the Ghoul Ice Elementalist began the quest for the
                  | Orb.
     0 | D:1      | Reached XP level 1. HP: 14/14 MP: 2/2
   362 | D:1      | Reached XP level 2. HP: 16/20 MP: 0/4
  1154 | D:2      | Reached skill level 1 in Fighting
  1154 | D:2      | Reached XP level 3. HP: 20/28 MP: 0/5
  1562 | D:2      | Got the Almanac of the Entourage
  1967 | D:3      | Found a blossoming altar of Fedhas.
  2281 | D:3      | Reached skill level 5 in Ice Magic
  2281 | D:3      | Reached XP level 4. HP: 36/36 MP: 2/6
  2588 | D:3      | Found a faded altar of an unknown god.
  2608 | D:3      | Prayed at the altar of an unknown god.
  2608 | D:3      | Became a worshipper of Ashenzari the Shackled
  2717 | D:3      | Learned a level 3 spell: Frozen Ramparts
  2954 | D:4      | Found a bloodstained altar of Trog.
  3110 | D:4      | Reached XP level 5. HP: 32/42 MP: 3/8
  3183 | D:4      | Noticed an ogre
  3199 | D:4      | Killed an ogre
  3200 | D:4      | Reached skill level 6 in Ice Magic
  3433 | D:4      | Reached XP level 6. HP: 49/49 MP: 4/9
  3512 | D:4      | Found an iron altar of Okawaru.
  3539 | D:4      | Found a staircase to the Ecumenical Temple.
  3578 | Temple   | Entered the Ecumenical Temple
  3624 | D:4      | Noticed Pikel
  3644 | D:4      | Killed Pikel
  3645 | D:4      | Reached skill level 8 in Ice Magic
  3645 | D:4      | Reached skill level 9 in Ice Magic
  3645 | D:4      | Reached XP level 7. HP: 26/56 MP: 0/10
  3939 | D:4      | Reached XP level 8. HP: 62/62 MP: 8/11
  4073 | D:4      | Noticed Ijyb
  4088 | D:4      | Killed Ijyb
  4369 | D:5      | Entered Level 5 of the Dungeon
  4918 | D:5      | Reached skill level 1 in Evocations
  4996 | D:5      | Reached * piety under Ashenzari
  4996 | D:5      | Identified a scroll of acquirement
  4999 | D:5      | Acquired the +1 cloak of Starlight {*Dazzle EV+4 Stlth--}
  4999 | D:5      | Found the +1 cloak of Starlight {*Dazzle EV+4 Stlth--}
  5611 | D:6      | Found a glowing drain.
  5621 | D:6      | Reached ** piety under Ashenzari
  5687 | Sewer    | Entered a sewer
  5784 | Sewer    | Noticed Pargi
  5792 | Sewer    | Killed Pargi
  5905 | Sewer    | Acquired the ring of the Lotus Blossom {Wiz Will+ Int+7}
  5990 | D:6      | Identified the +1 robe of Shielding {rF++}
  6280 | D:6      | Reached skill level 1 in Short Blades
  6280 | D:6      | Reached XP level 9. HP: 47/78 MP: 5/16
  6795 | D:6      | Reached skill level 5 in Fighting
  7131 | D:6      | Found a hazy altar of Hepliaklqana.
  7669 | D:7      | Found an opulent altar of Gozag.
  7697 | D:7      | Quit the game

Illustrated notes

Levels and vault maps discovered:
D:1:      psy_arrival_statuary, layout_basic, serial_curves, eino_curves_01,
          eino_curves_01
D:2:      layout_loops_ring, grunt_decor_mini_mirrors
D:3:      layout_rooms, mainiacjoe_overflow_boulevard,
          dreamdust_ecumenical_altar_grove
D:4:      layout_rooms, trog_book, mainiacjoe_overflow_24_doors, temple_green,
          uniq_ijyb, uniq_pikel
D:5:      layout_loops_ring, minmay_misc_feat_cross
D:6:      layout_loops_corners, general_overflow_altar, gup_sewer_entry_glass,
          minmay_bent
D:7:      layout_cave_pods, mainiacjoe_overflow_paths
Temple:   nicolae_temple_no_exploring_needed

Skill      XL: |  1  2  3  4  5  6  7  8  9 |
---------------+----------------------------+-----
Dodging        | 2 |  2.0
Spellcasting   | 2 3 |  3.7
Fighting       | 1 2 4 5 |  5.5
Ice Magic      | 5 6 9 |  9.7
Evocations     | 3 4 |  4.0
Short Blades   | 1 2 |  2.6
Stealth        | 3 4 |  4.3
Staves         | |  0.2
Bows           | |  0.3
Unarmed Combat | |  0.4

Action                   |  1- 3 |  4- 6 |  7- 9 || total
-------------------------+-------+-------+-------++-------
Melee: Unarmed           |    30 |     2 |       ||    32
       Staff             |     2 |       |       ||     2
       Long sword        |       |    27 |   100 ||   127
       Whip              |       |     1 |       ||     1
       Punch             |       |     1 |       ||     1
 Cast: Freeze            |    67 |    41 |   119 ||   227
       Frozen Ramparts   |       |    10 |    16 ||    26
Invok: Curse Item        |       |     1 |     2 ||     3
       Shatter the Chain |       |       |     1 ||     1
  Use: Scroll            |       |     5 |     2 ||     7
 Stab: Sleeping          |       |     1 |       ||     1
       Invisible         |       |       |     2 ||     2
Armor: Robe              |    18 |    12 |     5 ||    35
       Ring mail         |       |       |    92 ||    92
Dodge: Dodged            |    43 |    50 |   173 ||   266
